 Dungeon Crawl Stone Soup version 0.17.1-1-g73c8601 (webtiles) character file.

8659 shmeve the Fighter (level 11, 0/101 HPs)
             Began as a Minotaur Berserker on Apr 23, 2016.
             Was a High Priest of Trog.
             Slain by an orc warrior
             ... wielding a +0 dire flail
              (12 damage)
             ... on level 2 of the Orcish Mines.
             The game lasted 00:19:47 (9032 turns).

shmeve the Fighter (Minotaur Berserker)             Turns: 9032, Time: 00:19:48

Health: 0/101      AC: 18    Str: 23    XL:     11   Next: 12%
Magic:  10/10      EV: 10    Int:  7    God:    Trog [*****.]
Gold:   546        SH:  0    Dex: 15    Spells: 0 memorised, 10 levels left

rFire  . . .     SeeInvis +     G - +4 executioner's axe of Forgiveness {holy, Int+2 Dex+4}
rCold  . . .     Clarity  .     I - +0 plate armour
rNeg   . . .     SustAt   .     (shield currently unavailable)
rPois  .         Gourm    .     (helmet restricted)
rElec  .         Spirit   .     g - +1 cloak {+Inv}
rCorr  +         Warding  .     (no gloves)
rMut   .         Stasis   .     K - +1 pair of boots
MR     .....                    F - amulet of resist corrosion
Stlth  ..........               (no ring)
                                H - ring of see invisible

@: drained, not resistant to hostile enchantments, extremely unstealthy
A: retaliatory headbutt, horns 2, blink
a: Blink, Berserk, Trog's Hand, Brothers in Arms, Burn Spellbooks, Renounce
Religion, Evoke Invisibility


You were on level 2 of the Orcish Mines.
You worshipped Trog.
Trog was extremely pleased with you.
You were not hungry.

You visited 3 branches of the dungeon, and saw 13 of its levels.
You also visited: Ossuary.

You collected 546 gold pieces.

Inventory:

Hand Weapons
 z - a +1 war axe
 G - the +4 executioner's axe of Forgiveness (weapon) {holy, Int+2 Dex+4}
   (Trog gifted it to you on level 8 of the Dungeon)

   It has been blessed by the Shining One to cause great damage to the undead
   and demons.
   It affects your intelligence (+2).
   It affects your dexterity (+4).
Missiles
 y - 3 poisoned javelins (quivered)
Armour
 g - a +1 cloak of invisibility (worn)
 B - a +0 buckler
 I - a +0 plate armour (worn)
 K - a +1 pair of boots (worn)
Jewellery
 F - an amulet of resist corrosion (around neck)
 H - a ring of see invisible (left hand)
Wands
 e - a wand of frost (19)
 r - a wand of magic darts (24)
Scrolls
 a - 5 scrolls of teleportation
 f - 4 scrolls of noise
 k - 5 scrolls of remove curse
 o - a scroll of recharging
 q - 5 scrolls of random uselessness
 w - a scroll of amnesia
 E - 2 scrolls of vulnerability {unknown}
Potions
 b - 2 potions of haste
 d - 4 potions of heal wounds
 h - a potion of invisibility
 l - a potion of magic
 m - 2 potions of degeneration
 n - 5 potions of agility
 p - a potion of mutation
 s - 2 potions of flight
 u - 3 potions of curing
 v - 2 potions of ambrosia
 A - 2 potions of brilliance
 C - 2 potions of might
 D - 5 potions of lignification
Comestibles
 c - 11 bread rations
 i - 7 slices of pizza
 j - 5 meat rations
 t - 3 chunks of flesh
 x - 3 beef jerkies


   Skills:
 * Level 10.5(10.4) Fighting
 * Level 10.3(10.1) Axes
 + Level 5.5(5.4) Throwing
 + Level 7.6(7.4) Armour
 + Level 6.4(6.2) Dodging
 * Level 9.7(9.6) Shields


You had 10 spell levels left.
You didn't know any spells.

Dungeon Overview and Level Annotations

Branches:
Dungeon (10/15)            Temple (1/1) D:7             Orc (2/4) D:9
   Lair: D:8-11

Altars:
Ashenzari
Cheibriados
Fedhas
Gozag
Kikubaaqudgha
Makhleb
Nemelex Xobeh
Okawaru
Qazlal
Ru
Sif Muna
Trog
Vehumet
Yredelemnul
The Shining One

Shops:
D:6 (   D:7 (


Innate Abilities, Weirdness & Mutations

You reflexively headbutt those who attack you in melee.
You have a pair of horns on your head.
You can translocate small distances at will.


Message History

Trog accepts your kill.
You barely miss the orc warrior.
Your plate armour prevents you from hitting the orc.
The orc is severely wounded.
The orc warrior barely misses you. You furiously retaliate!
You headbutt the orc warrior.
The orc hits you with an enchanted mace.
* * * LOW HITPOINT WARNING * * *
You slash the orc warrior! You headbutt the orc warrior.
The orc warrior is heavily wounded.
You closely miss the orc.
The orc is severely wounded.
The orc warrior closely misses you. The orc completely misses you.
You completely miss the orc warrior.
The orc warrior is heavily wounded.
You closely miss the orc.
The orc is severely wounded.
You closely miss the orc.
The orc warrior hits you with a dire flail!
You die...

...####....
....#..... ...##..
....#..... ...#...
##.........
....... .....$...
$...... ##.....##
#......##.).....##
........)o@o.....#
..#.....)o[......$
#......####....$
##......# .#..
####.....### # .
#.......)..#
#####...##.....#
#.##..#####.....#
#......## ...#..#


You could see an orc warrior and 2 orcs.

Vanquished Creatures
  Erica (Orc:1)
  The ghost of grimtooth the Basher, a novice HOFi of Zin (D:9)
  The ghost of lhre the Protected, a novice MiBe of Trog (D:7)
  Maurice (D:9)
  A troll (D:9)
  Grum (D:8)
  A wyvern (D:8)
  A human (D:7)
  4 wolves (D:8)
  A hungry ghost (D:8)
  A water moccasin (D:8)
  2 ice beasts (D:5)
  4 orc warriors
  A wasp (D:9)
  3 phantoms
  A sky beast (D:9)
  A necrophage (D:7)
  6 ogres
  5 centaurs
  2 elf zombies (Ossuary)
  6 giant frogs
  4 killer bees (D:9)
  4 scorpions
  A wight (D:7)
  A giant frog zombie (D:5)
  8 orc priests
  2 centaur skeletons
  5 crimson imps
  5 hounds
  A giant frog skeleton (D:3)
  4 human zombies (Ossuary)
  A quasit (D:7)
  Crazy Yiuf (D:2)
  A gnoll shaman (D:9)
  Ijyb (D:2)
  8 centaur zombies
  3 jellies
  9 orc wizards
  2 iguanas
  Terence (D:2)
  8 worker ants
  4 sheep (D:7)
  A hound skeleton (D:5)
  3 mummies (Ossuary)
  A worker ant zombie (D:8)
  Robin (D:2)
  14 gnolls
  8 adders
  A shadow imp (D:6)
  An ooze (D:5)
  2 adder skeletons
  An adder zombie (D:6)
  2 worms
  5 giant geckos
  64 orcs
  3 ball pythons
  6 giant cockroaches
  19 goblins
  10 hobgoblins
  15 jackals
  7 kobolds
  A quokka (D:4)
  10 bats
  7 giant newts
  A quokka skeleton (D:7)
  8 rats
  A fungus (D:2)
311 creatures vanquished.

Notes
Turn   | Place    | Note
--------------------------------------------------------------
     0 | D:1      | shmeve the Minotaur Berserker began the quest for the Orb.
     0 | D:1      | Reached XP level 1. HP: 19/19 MP: 0/0
   277 | D:1      | Reached XP level 2. HP: 22/27 MP: 1/1
   556 | D:1      | Reached skill level 4 in Fighting
   583 | D:1      | Reached skill level 1 in Throwing
  1050 | D:1      | Reached ** piety under Trog
  1061 | D:1      | Reached XP level 3. HP: 33/33 MP: 2/2
  1179 | D:2      | Noticed Terence
  1188 | D:2      | Noticed Ijyb
  1191 | D:2      | Killed Terence
  1191 | D:2      | Reached XP level 4. HP: 41/41 MP: 3/3
  1194 | D:2      | Killed Ijyb
  1200 | D:2      | Noticed Robin
  1210 | D:2      | Killed Robin
  1210 | D:2      | Reached XP level 5. HP: 14/47 MP: 4/4
  1769 | D:2      | Reached skill level 5 in Fighting
  1830 | D:2      | Found a snail-covered altar of Cheibriados.
  1832 | D:2      | Reached skill level 5 in Axes
  1875 | D:2      | Reached *** piety under Trog
  2085 | D:2      | Noticed Crazy Yiuf
  2090 | D:2      | Killed Crazy Yiuf
  2220 | D:3      | Found a basalt altar of Yredelemnul.
  2296 | D:3      | Received a gift from Trog
  2306 | D:3      | Reached XP level 6. HP: 56/56 MP: 5/5
  2719 | D:4      | Reached skill level 6 in Fighting
  2749 | D:4      | Reached **** piety under Trog
  2809 | D:4      | Reached XP level 7. HP: 58/63 MP: 6/6
  2912 | D:4      | Found a glowing golden altar of the Shining One.
  2912 | D:4      | Found a stormy altar of Qazlal.
  3187 | D:4      | Found a burning altar of Makhleb.
  3248 | D:5      | Entered Level 5 of the Dungeon
  3596 | D:5      | HP: 3/64 [ice beast (14)]
  3599 | D:5      | Reached skill level 7 in Fighting
  4007 | D:5      | Reached XP level 8. HP: 68/73 MP: 7/7
  4291 | D:5      | Reached skill level 5 in Armour
  4574 | D:6      | Found Usepu's Weapon Shop.
  4644 | D:6      | Reached skill level 1 in Shields
  4978 | D:6      | Reached skill level 5 in Shields
  5001 | D:6      | Reached ***** piety under Trog
  5134 | D:6      | Found a sacrificial altar of Ru.
  5498 | D:7      | Found an iron altar of Okawaru.
  5504 | D:7      | Found Atopan's Weapon Shop.
  5709 | D:7      | Reached XP level 9. HP: 77/79 MP: 8/8
  5713 | D:7      | Found a staircase to the Ecumenical Temple.
  5739 | Temple   | Entered the Ecumenical Temple
  5753 | Temple   | Gained mutation: You can translocate small distances at will. [potion of beneficial mutation]
  6129 | D:7      | Noticed lhre's ghost (novice MiBe)
  6139 | D:7      | Reached skill level 8 in Axes
  6143 | D:7      | Killed lhre's ghost
  6327 | D:8      | Noticed Grum
  6330 | D:8      | Reached skill level 5 in Dodging
  6338 | D:8      | Killed Grum
  6421 | D:8      | Reached skill level 9 in Fighting
  6425 | D:8      | Found a sand-covered staircase.
  6431 | Ossuary  | Entered an ossuary
  6493 | Ossuary  | Reached XP level 10. HP: 80/91 MP: 9/9
  7174 | D:8      | Received a gift from Trog
  7177 | D:8      | Got a fine executioner's axe {god gift}
  7206 | D:8      | Identified the +4 executioner's axe of Forgiveness {holy, Int+2 Dex+4} (Trog gifted it to you on level 8 of the Dungeon)
  7580 | D:9      | Noticed Maurice
  7591 | D:9      | Killed Maurice
  7626 | D:9      | Noticed grimtooth's ghost (novice HOFi)
  7638 | D:9      | Killed grimtooth's ghost
  7638 | D:9      | Reached skill level 10 in Fighting
  7638 | D:9      | Reached skill level 5 in Throwing
  7648 | D:9      | Reached skill level 10 in Axes
  7997 | D:9      | Found an opulent altar of Gozag.
  8471 | D:9      | Found a staircase to the Orcish Mines.
  8657 | D:10     | Entered Level 10 of the Dungeon
  8815 | Orc:1    | Entered Level 1 of the Orcish Mines
  8815 | Orc:1    | Noticed Erica
  8820 | Orc:1    | Killed Erica
  8820 | Orc:1    | Reached XP level 11. HP: 101/101 MP: 10/10
  8826 | Orc:1    | Received a gift from Trog
  9032 | Orc:2    | Slain by an orc warrior

Action                   |  1- 3 |  4- 6 |  7- 9 | 10-12 || total
-------------------------+-------+-------+-------+-------++-------
Melee: Hand axe          |    55 |    99 |       |       ||   154
       War axe           |       |    40 |   234 |    70 ||   344
       Executioner's axe |       |       |       |   110 ||   110
Throw: Javelin           |       |       |       |     9 ||     9
Invok: Berserk           |     1 |     3 |     3 |     4 ||    11
       Burn Spellbooks   |       |     1 |     2 |     1 ||     4
       Trog's Hand       |       |     2 |       |     3 ||     5
 Abil: Blink             |       |       |     2 |       ||     2
  Use: Scroll            |       |       |    19 |     4 ||    23
       Potion            |       |       |     1 |       ||     1
  Eat: Chunk             |       |    11 |    14 |    11 ||    36
       Pizza             |       |       |     1 |       ||     1
       Royal jelly       |       |       |       |     1 ||     1
